 Dungeon Crawl Stone Soup version 0.24-a0-307-gf989941 (webtiles) character file.

Game seed: 2808975211924332116

20 MatthieuS the Charlatan (level 3, -3/26 HPs)
             Began as a Human Artificer on May 12, 2019.
             Slain by a worker ant (7 damage)
             ... on level 2 of the Dungeon.
             The game lasted 00:01:56 (1639 turns).

MatthieuS the Charlatan (Human Artificer)           Turns: 1639, Time: 00:01:57

Health: -3/26      AC:  4    Str: 13    XL:     3   Next: 0%
Magic:  5/5        EV: 12    Int: 11    God:
Gold:   49         SH:  0    Dex: 13    Spells: 2/2 levels left

rFire    . . .     SeeInvis .   a - +0 short sword
rCold    . . .     Gourm    .   (no shield)
rNeg     . . .     Faith    .   b - +0 leather armour
rPois    .         Spirit   .   (no helmet)
rElec    .         Reflect  .   (no cloak)
rCorr    .         Harm     .   (no gloves)
MR       .....                  o - +0 pair of boots
Stlth    ++........             h - amulet of the acrobat
HPRegen  0.08/turn              (no ring)
MPRegen  0.09/turn              (no ring)

@: lethally poisoned (-3 -> -15)
A: no striking features
a: no special abilities


You were on level 2 of the Dungeon.
You were not hungry.

You visited 1 branch of the dungeon, and saw 2 of its levels.

You collected 49 gold pieces.

Inventory:

Hand Weapons
 a - a +0 short sword (weapon)
Missiles
 l - 3 atropa-tipped darts (quivered)
Armour
 b - a +0 leather armour (worn)
 o - a +0 pair of boots (worn)
   (You found it on level 1 of the Dungeon)
Jewellery
 h - an amulet of the acrobat (around neck)
   (You found it on level 1 of the Dungeon)
Wands
 d - a wand of enslavement (15)
 f - a wand of random effects (15)
 t - a wand of flame (15)
Scrolls
 c - a scroll of enchant armour {unknown}
 i - 6 scrolls of identify {unknown}
 j - 3 scrolls of random uselessness {unknown}
 k - a scroll of immolation {unknown}
 n - a scroll of teleportation {unknown}
Comestibles
 e - 3 rations
 m - 4 chunks of flesh


   Skills:
 + Level 1.4 Fighting
 + Level 1.4 Short Blades
 + Level 2.2 Dodging
 + Level 1.5 Stealth
 + Level 3.2 Evocations


You had 2 spell levels left.
You didn't know any spells.
Your spell library was empty.

Dungeon Overview and Level Annotations

Branches:
Dungeon (2/15)

Altars:


Message History

A worker ant is nearby!
A goblin comes into view. It is wielding a +0 hand axe.
The worker ant twitches its antennae in your direction.
You hit the worker ant. The worker ant barely misses you.
The goblin hits you with a +0 hand axe.
You hit the worker ant but do no damage.
The worker ant bites you but does no damage.
The goblin barely misses you.
You hit the worker ant. The worker ant closely misses you.
You barely miss the worker ant. The worker ant bites you.
The goblin barely misses you. The worker ant bites you.
* * * LOW HITPOINT WARNING * * *
You hit the worker ant. The goblin hits you but does no damage.
The worker ant bites you but does no damage.
Unknown command.
The worker ant misses you.
The worker ant bites you but does no damage.
The goblin closely misses you.
It was a potion of ambrosia.
You are confused.
You feel invigorated. The worker ant bites you.
* * * LOW HITPOINT WARNING * * *
The worker ant bites you.
* * * LOW HITPOINT WARNING * * *
You are lethally poisoned!
The worker ant poisons you!
You hit the worker ant but do no damage.
You feel sick. The worker ant bites you.
* * * LOW HITPOINT WARNING * * *
You closely miss the worker ant.
You feel sick. The worker ant bites you.
* * * LOW HITPOINT WARNING * * *
The goblin misses you.
You bump into the rock wall.
You feel less invigorated.
You feel less confused.
You feel sick. The worker ant bites you.
* * * LOW HITPOINT WARNING * * *
You are lethally poisoned!
The worker ant poisons you! The goblin closely misses you.
You closely miss the goblin.
* * * LOW HITPOINT WARNING * * *
You feel sick. The worker ant closely misses you. x2
You barely miss the goblin.
* * * LOW HITPOINT WARNING * * *
You feel sick. The goblin closely misses you. The worker ant barely misses you.
You barely miss the goblin.
* * * LOW HITPOINT WARNING * * *
You feel sick. The goblin hits you with a +0 hand axe.
* * * LOW HITPOINT WARNING * * *
The worker ant bites you!
You die...

#...#รท.....#
#..........##
#.............
#.............
#..............
#..............
#............(
#...##........
#...a@##....
#...g.# ....
#....... ..
#.........
#...........
.............
###....##...##
#..... ....


You could see a worker ant and a goblin.

Vanquished Creatures
  An adder (D:2)
  A giant cockroach (D:1)
  2 goblins (D:1)
  2 hobgoblins (D:1)
  A frilled lizard (D:1)
  3 kobolds (D:1)
  A rat (D:1)
11 creatures vanquished.

Notes
Turn   | Place    | Note
-------+----------+-------------------------------------------
     0 | D:1      | MatthieuS the Human Artificer began the quest for the Orb.
     0 | D:1      | Reached XP level 1. HP: 15/15 MP: 3/3
  1124 | D:1      | Reached XP level 2. HP: 21/21 MP: 4/4
  1532 | D:2      | Reached XP level 3. HP: 12/26 MP: 5/5
  1639 | D:2      | Slain by a worker ant

Levels and vault maps discovered:
D:1:      nzn_arrival_settlement, layout_basic
D:2:      kennysheep_big_flooded_room, layout_basic,
          chequers_ecumenical_altar_grove, fedhas_altar_2

Action                   || total
-------------------------++-------
Melee: Short sword       ||    82
  Use: Potion            ||     2
  Eat: Chunk             ||     2
Armor: Leather armour    ||    19
Dodge: Dodged            ||    56

Table legend:
 A = Non-vault XP
 B = Vault XP
 C = Vault XP percentage of total XP
 D = Non-vault monster count
 E = Vault monster count
 F = Vault count percentage of total count
                 A         B        C        D         E       F
            +---------+---------+-------+---------+---------+-------
      Total |      29 |       0 |   0.0 |      11 |       0 |   0.0
            +---------+---------+-------+---------+---------+-------
        D:1 |      16 |       0 |   0.0 |      10 |       0 |   0.0
        D:2 |      13 |       0 |   0.0 |       1 |       0 |   0.0
            +---------+---------+-------+---------+---------+-------
